AoeStats
← John Hawkwood

Arabia

508157140Analyzed
1v1 RM · 12d ago on Sep 21, 2026· 45m 22s· 2 players
Game mode
Random Map
Map size
Tiny (2 player)
Population
200
Speed
Normal
Resources
Standard
Victory
Conquest
Starting age
Dark Age
Ending age
Imperial Age
RankedLock teamsTeams togetherTeam positionsShared explorationLock speedFull tech treeHidden civsTurbo modeCheats
Victory
Defeat
🇺🇸 Mongols · United States
1050
+18
🇨🇳 Cumans · China
1091
-18
玛格丽的魔法屋
4:06 Loom
11:15 Feudal Age
20:02 Fletching
24:02 Castle Age
24:08 Double-Bit Axe
27:55 Forging
27:47 Bodkin Arrow
31:04 Scale Barding Armor
31:56 Bloodlines
35:27 Iron Casting
36:26 Padded Archer Armor
42:24 Chain Barding Armor
43:28 Leather Archer Armor
John Hawkwood
9:35 Feudal Age
9:53 Loom
10:14 Double-Bit Axe
14:38 Forging
14:33 Scale Barding Armor
17:17 Horse Collar
18:45 Fletching
24:47 Castle Age
24:32 Bloodlines
26:13 Bodkin Arrow
26:22 Crossbowman
27:09 Thumb Ring
29:09 Chain Barding Armor
34:24 Wheelbarrow
40:51 Imperial Age
39:54 Hand Cart
40:20 Husbandry
40:28 Stone Mining
40:29 Gold Mining
41:29 Padded Archer Armor
41:29 Elite Skirmisher
42:36 Heavy Camel Rider
44:34 Bracer
Connection lost

Rejoining the realm…

Still unreachable

The connection could not be restored.

Session expired

The server has moved on; the page needs a fresh start.